 Dungeon Crawl Stone Soup version 0.13-a0-2485-g242ae62 (webtiles) character file.

345 Rycklaryybbe the Magician (level 5, 0/38 HPs)
             Began as a Draconian Summoner on July 21, 2013.
             Slain by a lemure (2 damage)
             ... summoned by Eustachio
             ... on Level 4 of the Dungeon.
             The game lasted 00:13:19 (3112 turns).

Rycklaryybbe the Magician (Draconian Summoner)      Turns: 3112, Time: 00:13:21

HP   0/38        AC  5     Str 11      XL: 5   Next: 38%
MP   3/13        EV 12     Int 20      God:
Gold 159         SH  0     Dex 11      Spells:  3 memorised,  7 levels left

Res.Fire  : . . .   See Invis. : .   u - +1,+0 falchion
Res.Cold  : . . .   Warding    : .   (armour unavailable)
Life Prot.: . . .   Conserve   : .   (no shield)
Res.Poison: .       Res.Corr.  : .   (helmet restricted)
Res.Elec. : .       Clarity    : .   (no cloak)
Sust.Abil.: . .     Spirit.Shd : .   (no gloves)
Res.Mut.  : .       Stasis     : +   (no boots)
Res.Rott. : .       Flight     : .   f - amulet of stasis
Saprovore : . . .                    m - +4 ring of intelligence
                                     l - ring of invisibility

@: slightly resistant to hostile enchantments, unstealthy
A: unfitting armour, large and strong wings, horns 1, berserk 1, AC +5
a: Fly, Evoke Invisibility


You were on level 4 of the Dungeon.
You were not hungry.

You visited 1 branch of the dungeon, and saw 4 of its levels.

You collected 139 gold pieces.

Inventory:

Hand weapons
 d - a -1,+0 orcish club (quivered)
 e - a +1,+1 dwarven short sword
 u - a +1,+0 falchion (weapon)
 y - a +0,+0 club
Magical devices
 x - a wand of flame (0)
 C - a wand of draining (4) {unknown}
 F - a wand of cold (2) {unknown}
Comestibles
 c - 3 bread rations
 o - a meat ration
 r - an apple
 E - a chunk of adder flesh
Scrolls
 h - a scroll of amnesia {unknown}
 i - a scroll of enchant weapon I {unknown}
 k - 3 scrolls of remove curse {unknown}
 n - a scroll of enchant weapon II {unknown}
 q - a scroll of noise {unknown}
 s - a scroll of teleportation {unknown}
 t - 2 scrolls of enchant armour {unknown}
 v - a scroll of fear {unknown}
 w - 2 scrolls of identify {unknown}
 A - a scroll of recharging {unknown}
Jewellery
 f - an amulet of stasis (around neck)
 l - a ring of invisibility (left hand)
 m - a +4 ring of intelligence (right hand)
Potions
 a - a potion of resistance {unknown}
 g - a potion of speed {unknown}
 j - a potion of heal wounds {unknown}
 p - 2 potions of magic {unknown}
 z - 2 potions of curing {unknown}
 B - a potion of degeneration {unknown}
 D - a potion of poison {unknown}
Books
 b - a book of Callings

   Spells                             Type                      Level
   *Summon Small Mammal               Summoning                    1
   *Call Imp                          Summoning                    2
   *Call Canine Familiar              Summoning                    3
   Summon Scorpions                   Summoning/Poison             4
   Summon Ice Beast                   Ice/Summoning                4


   Skills:
 - Level 1.7 Dodging
 - Level 1.7 Stealth
 + Level 4.9 Spellcasting
 - Level 4.0 Summonings


You had 7 spell levels left.
You knew the following spells:

 Your Spells              Type           Power        Failure   Level  Hunger
a - Summon Small Mammal   Summ           ###.         2%          1    None
b - Call Imp              Summ           ###.......   3%          2    None
c - Call Canine Familiar  Summ           ###.......   10%         3    ###....


Dungeon Overview and Level Annotations

Branches:
Dungeon (4/27)
 Temple: D:4-7

Altars:
Fedhas
Nemelex Xobeh

Annotations
D:4 Eustachio


Innate Abilities, Weirdness & Mutations

Your plain brown scales are hard (AC +5).
Your body does not fit into most forms of armour.
Your cold-blooded metabolism reacts poorly to cold.
Your wings are large and strong.
You have a pair of small horns on your head.
You tend to lose your temper in combat.


Message History

Your amulet of stasis rumbles.
* * * LOW HITPOINT WARNING * * *
Your white imp barely misses the shadow imp.
Your crimson imp hits the white imp but does no damage.
The lemure closely misses you. The lemure hits you but does no damage.
The lemure hits you but does no damage.
Eustachio casts a spell.
Your white imp gestures at the shadow imp.
The puff of frost misses Eustachio.
The puff of frost hits the shadow imp.
The shadow imp resists.
Eustachio screams, "At last I'll have my revenge!"
The crimson imp blinks!
A goblin comes into view. It is wielding a club.
Your crimson imp blinks!
Your white imp barely misses the shadow imp.
Eustachio mumbles some strange words.
The lemure hits you.
* * * LOW HITPOINT WARNING * * *
The lemure hits you.
You die...

#...................
....................
##..................
.#......55............
.........5............
..........@.5.......g..
.......?r§............
............r.........
.........5.55@.........
..........###.......#
.........# #.......#
........###.......###
..................
..................
...................
...................
..................


You could see Eustachio, an iron imp, a crimson imp, a white imp, a lemure, a
shadow imp, 2 quokkas, a goblin, a friendly crimson imp and a friendly white
imp.

Vanquished Creatures
  An ogre (D:3)
  A worker ant (D:4)
  Ijyb (D:2)
  2 adders
  2 giant geckos
  An ooze (D:1)
  4 orcs (D:3)
  A ball python (D:3)
  4 giant cockroaches
  2 goblins (D:2)
  4 hobgoblins
  2 jackals (D:1)
  4 quokkas
  A giant newt (D:1)
  8 kobolds
  5 rats
43 creatures vanquished.

Vanquished Creatures (collateral kills)
  Terence (D:2)
  2 adders
  A worm (D:3)
  An orc (D:3)
  3 bats
  A giant cockroach (D:1)
  A hobgoblin (D:2)
  2 kobolds
  A ball python (D:3)
  A rat (D:2)
14 creatures vanquished.

Vanquished Creatures (others)
  A crimson imp (D:4)
  A white imp (D:2)
  A grey rat (D:1)
  3 bats
  3 quokkas
  4 rats
13 creatures vanquished.

Grand Total: 70 creatures vanquished

Notes
Turn   | Place    | Note
--------------------------------------------------------------
     0 | D:1      | Rycklaryybbe, the Draconian Summoner, began the quest for the Orb.
     0 | D:1      | Reached XP level 1. HP: 14/14 MP: 3/3
   412 | D:1      | Reached XP level 2. HP: 17/20 MP: 5/5
   416 | D:1      | Learned a level 2 spell: Call Imp
   934 | D:2      | Noticed Terence
   959 | D:2      | Killed Terence
  1148 | D:2      | Reached XP level 3. HP: 13/26 MP: 4/7
  1149 | D:2      | Gained mutation: You tend to lose your temper in combat. [potion of mutation]
  1149 | D:2      | Gained mutation: You have a pair of small horns on your head. [potion of mutation]
  1149 | D:2      | Gained mutation: Your wings are large and strong. [potion of mutation]
  1370 | D:2      | Noticed Ijyb
  1388 | D:2      | Killed Ijyb
  1821 | D:2      | Reached XP level 4. HP: 22/33 MP: 6/9
  2036 | D:3      | Noticed an ogre
  2047 | D:3      | Killed an ogre
  2047 | D:3      | Reached XP level 5. HP: 38/38 MP: 8/12
  2456 | D:3      | Found a blossoming altar of Fedhas.
  2558 | D:3      | Found a sparkling altar of Nemelex Xobeh.
  3067 | D:4      | Learned a level 3 spell: Call Canine Familiar
  3093 | D:4      | Noticed Eustachio
  3112 | D:4      | Slain by a lemure

Action                   |  1- 3 |  4- 6 || total
-------------------------+-------+-------++-------
Melee: Unarmed           |    30 |       ||    30
       Short sword       |    24 |       ||    24
       Club              |     1 |       ||     1
       Falchion          |    52 |    95 ||   147
Throw: Club              |     1 |       ||     1
 Cast: Summon Small Mamm |    18 |    12 ||    30
       Call Imp          |     5 |     8 ||    13
 Abil: Fly               |     1 |       ||     1
  Use: Potion            |     1 |       ||     1
 Stab: Sleeping          |     1 |     1 ||     2
